Map: Abyssal Reef LE

Players

SamuraiFunn

  • Race: Protoss Protoss
  • League: Platinum
  • Spawn Location: 11:00

A.I. 1 (Very Hard) - Winner!

  • Race: Terran Terran
  • Spawn Location: 5:00

VOD

Have the link to the VOD?

Description

Time

  • Played on: Dec. 1, 2017, 11:10 p.m.
  • Length: 2:19
Show
View Real Time Build Order
Export as new Build Order

SamuraiFunn Protoss 

Build Orders:  

Get SALT Encoding   

  12  0:01  Probe  
  13  0:13  Probe  
  14  0:20  Pylon  
  14  0:25  Probe  
  15  0:38  Probe  
  16  0:49  Gateway  
  16  0:53  Probe  
  17  1:05  Probe  
  17  1:08  Assimilator  
  18  1:12  Pylon  
  18  1:17  Probe  
  19  1:34  Pylon  
  19  1:39  Probe  
  20  1:51  Probe  
  20  1:52  Assimilator  
  20  2:03  Probe  
Show
View Real Time Build Order
Export as new Build Order

A.I. 1 (Very Hard) Terran - Winner!

Build Orders:  

Get SALT Encoding   

  12  0:00  SCV  
  13  0:13  SCV  
  14  0:19  Supply Depot  
  14  0:25  SCV  
  15  0:40  SCV  
  15  0:42  Barracks  
  16  0:52  SCV  
  17  1:04  SCV  
  18  1:12  Refinery  
  18  1:15  Supply Depot  
  18  1:16  SCV  
  19  1:29  SCV, Marine  
  21  1:43  Command Center  
  21  2:08  Barracks  
  21  2:15  Factory  
Tags
 
League
Platinum
Matchup
PvT
Replay Pack
First 100 games
Spawn Locations
Cross Positions
Add a new tag
Caveats
  • Supply blocks, unpowered buildings, or Contaminate may cause inaccurate times.
  • Supply counts are checked every 10 seconds.